 Dungeon Crawl Stone Soup version 0.32-a0-791-gfc315c9ecd (webtiles) character file.

Game seed: 11922412237453127937

144 tilp the Sneak (level 5, -1/37 HPs)
             Began as a Vampire Enchanter on Mar 20, 2024.
             Slain by a kobold brigand
             ... wielding a +0 dagger
              (3 damage)
             ... in a sewer.
             The game lasted 00:04:48 (1860 turns).

tilp the Sneak (Vampire Enchanter)                  Turns: 1860, Time: 00:04:48

Health: -1/37      AC:  2    Str:  7    XL:     5   Next: 5%
Magic:  3/8        EV: 12    Int: 19    God:
Gold:   26         SH:  0    Dex: 15    Spells: 0/8 levels left

rFire   . . .        a - +2 dagger
rCold   . . .        (no shield)
rNeg    . . .        b - +0 robe
rPois   .            (no helmet)
rElec   .            (no cloak)
rCorr   .            (no gloves)
SInv    +            (no boots)
Will    .....        (no amulet)
Stlth   ++           (no ring)
HPRegen 0.46/turn    (no ring)
MPRegen 0.11/turn

%: no passive effects
@: very slightly contaminated, healing quickly, hasted, invisible, quick
A: alive, fangs 3, see invisible, vampiric 2
a: Exsanguinate


You were in a sewer.
You visited 1 branch of the dungeon, and saw 3 of its levels.
You also visited: Sewer.

You collected 84 gold pieces.
You spent 58 gold pieces at shops.

Inventory:

Hand Weapons
 a - a +2 dagger (weapon)
Missiles
 j - 4 poisoned darts (quivered)
Armour
 b - a +0 robe (worn)
 k - a +0 pair of boots
Magical Staves
 l - a staff of cold
Jewellery
 f - a ring of fire
Scrolls
 m - a scroll of fog
Potions
 c - a potion of invisibility
 e - a potion of magic
 h - a potion of mutation


   Skills:
 + Level 1.4 Fighting
 * Level 2.6(3.0) Short Blades
 * Level 2.0(2.5) Long Blades
 + Level 2.7 Dodging
 + Level 5.0 Stealth
 + Level 2.4 Spellcasting
 + Level 4.9 Hexes


You couldn't memorise any spells.
You knew the following spells:

 Your Spells              Type           Power      Damage    Failure   Level
a - Ensorcelled Hibernat  Hex/Ice        22%        N/A       9%          2
b - Confusing Touch       Hex            21%        N/A       6%          3
c - Tukima's Dance        Hex            21%        N/A       6%          3

Your spell library contained the following spells:

 Spells                   Type           Power      Damage    Failure   Level
 Kiss of Death            Conj/Necr      8%         2d6       16%         1
 Dazzling Flash           Conj/Hex       22%        N/A       17%         3
 Inner Flame              Hex/Fire       11%        N/A       17%         3
 Lesser Beckoning         Tloc           4%         N/A       24%         2
 Gell's Gravitas          Tloc           2%         N/A       43%         3
 Teleport Other           Tloc           2%         N/A       43%         3
 Dispel Undead            Necr           2%         3d7       85%         4
 Flame Wave               Conj/Fire      2%         2d4       85%         4
 Sticky Flame             Fire/Alch      2%         2d4       85%         4


Dungeon Overview and Level Annotations

Branches:
Dungeon (3/15)              Sewer (1/1)

Altars:

Shops:
D:2 *


Innate Abilities, Weirdness & Mutations

Your natural rate of healing is accelerated.
You have razor-sharp teeth.
You have supernaturally acute eyesight. (SInv)
You are afflicted with vampirism and can become a bat while bloodless.


Message History

Aiming: Ensorcelled Hibernation (safe; 9% risk of failure)
Press: ? - help, Shift-Dir - straight line, f/p - kobold brigand
Aim: a kobold brigand, wielding a +0 dagger and quivering curare-tipped darts (chance to affect: 45%)
Okay, then.
You fade into invisibility!
The kobold brigand splashes around in the water.
You enter the shallow water.
Moving in this stuff is going to be slow. ...and don't expect to remain undetected.
The kobold brigand hits you with a +0 dagger.
* * * LOW HITPOINT WARNING * * *
Unknown command.
Why would you want to do that?
Casting: Ensorcelled Hibernation (safe; 9% risk of failure)
Confirm with . or Enter, or press ? or * to list all spells.
Aiming: Ensorcelled Hibernation (safe; 9% risk of failure)
Press: ? - help, Shift-Dir - straight line, f/p - kobold brigand
Aim: a kobold brigand, wielding a +0 dagger and quivering curare-tipped darts (chance to affect: 45%)
The kobold brigand resists with some effort.
The kobold brigand barely misses you.
Unknown command.
Casting: Ensorcelled Hibernation (safe; 9% risk of failure)
Confirm with . or Enter, or press ? or * to list all spells.
Aiming: Ensorcelled Hibernation (safe; 9% risk of failure)
Press: ? - help, Shift-Dir - straight line, f/p - kobold brigand
Aim: a kobold brigand, wielding a +0 dagger and quivering curare-tipped darts (chance to affect: 45%)
The kobold brigand resists with some effort.
The kobold brigand splashes around in the water.
Unknown command.
Casting: Ensorcelled Hibernation (safe; 9% risk of failure)
Confirm with . or Enter, or press ? or * to list all spells.
Aiming: Ensorcelled Hibernation (safe; 9% risk of failure)
Press: ? - help, Shift-Dir - straight line, f/p - kobold brigand
Aim: a kobold brigand, wielding a +0 dagger and quivering curare-tipped darts (chance to affect: 45%)
You miscast Ensorcelled Hibernation.
You are very lightly contaminated with residual magic.
Nothing appears to happen.
You feel yourself speed up.
The kobold brigand hits you with a +0 dagger.
You die...

## ### # ####≈######≈≈≈
####### ##≈≈≈≈≈≈#≈#≈≈≈≈
#≈≈#~#≈ ≈≈≈≈≈≈≈≈≈≈≈≈≈≈≈
#≈≈#~#≈ ≈≈≈≈≈≈≈≈≈≈≈≈≈≈≈
#≈≈#~#≈ ≈≈≈≈≈≈≈≈≈≈≈≈≈≈≈
#PP#~#. ≈≈≈≈≈≈≈≈≈≈≈≈≈≈≈
#P.#~#. ≈≈≈≈≈≈≈@########
##P.PP. ≈≈≈≈≈≈..K~~~~~~#
###...
≈≈≈≈≈≈~~########~#######
≈≈≈≈≈≈~~## ~~#~~~~~~
≈≈≈≈≈≈~.~## #~#######
≈≈≈≈≈≈....# #~# #
≈≈≈≈≈≈~~..## #~# ###
≈≈≈≈≈≈≈~~..### #~# ###..
≈≈≈≈≈≈≈.~~~..###~###~)..


You could see a kobold brigand.

Vanquished Creatures
  Natasha (D:3)
  4 adders
  A river rat (Sewer)
  3 ribbon worms (D:3)
  A dart slug (D:2)
  An orc (D:3)
  4 ball pythons
  4 endoplasms
  3 giant cockroaches
  A goblin (D:1)
  8 hobgoblins
  11 jackals
  5 kobolds
  A quokka (D:1)
  3 bats
  4 frilled lizards (Sewer)
  6 rats
61 creatures vanquished.

Notes
Turn   | Place    | Note
-------+----------+-------------------------------------------
     0 | D:1      | tilp the Vampire Enchanter began the quest for the Orb.
     0 | D:1      | Reached XP level 1. HP: 13/13 MP: 3/3
   138 | D:1      | Reached XP level 2. HP: 19/19 MP: 5/5
   141 | D:1      | Learned a level 2 spell: Ensorcelled Hibernation
   649 | D:2      | Reached skill level 1 in Long Blades
   649 | D:2      | Gained mutation: You are afflicted with vampirism and can
                  | become a bat while bloodless. [Vampire growth]
   649 | D:2      | Reached XP level 3. HP: 25/25 MP: 3/6
   653 | D:2      | Learned a level 3 spell: Confusing Touch
   701 | D:2      | Found Agubar's General Store.
  1076 | D:2      | Reached skill level 1 in Fighting
  1161 | D:2      | Reached XP level 4. HP: 32/32 MP: 7/7
  1273 | D:2      | Bought a +0 pair of boots for 58 gold pieces
  1380 | D:3      | Noticed Natasha
  1382 | D:3      | Killed Natasha
  1414 | D:3      | Found a glowing drain.
  1519 | Sewer    | Entered a sewer
  1692 | Sewer    | Reached XP level 5. HP: 30/37 MP: 5/8
  1744 | Sewer    | Learned a level 3 spell: Tukima's Dance
  1762 | Sewer    | Reached skill level 5 in Stealth
  1857 | Sewer    | HP: 1/37 [kobold brigand/+0 dagger (4)]
  1860 | Sewer    | Slain by a kobold brigand

Illustrated notes

Levels and vault maps discovered:
D:1:      saegor_arrival_simple_a, layout_rooms
D:2:      minmay_spotlight, layout_rooms, serial_shops, nicolae_shop_stone,
          kennysheep_cross_room, grunt_ministairs_1, amethyst_killhole,
          st_stairs_1
D:3:      layout_loops_corners, lemuel_crystal_altar,
          mainiacjoe_overflow_surrounded_room,
          nicolae_dithmenos_through_a_glass_darkly, nicolae_ru_path_of_blood,
          cheibrodos_sewer_entry_bend, serial_park_tiny_pond, uniq_jessica,
          uniq_crazy_yiuf_cottage, uniq_natasha, uniq_robin, uniq_sigmund,
          uniq_grinder
Sewer:    sewer_co_scattered_pipes

Skill      XL: |  1  2  3  4  5 |
---------------+----------------+-----
Short Blades   | 2 |  2.6
Long Blades    | 1 2 |  2.0
Fighting       | 1 |  1.4
Stealth        | 5 |  5.0
Dodging        | |  2.7
Spellcasting   | |  2.4
Hexes          | |  4.9

Action                     |  1- 3 |  4- 6 || total
---------------------------+-------+-------++-------
  Melee: Dagger            |   133 |    78 ||   211
         Bite              |    23 |    11 ||    34
  Throw: Dart              |       |     1 ||     1
   Cast: Ensorcelled Hiber |     9 |    18 ||    27
    Use: Scroll            |     6 |       ||     6
         Potion            |       |     5 ||     5
   Stab: Sleeping          |    12 |    12 ||    24
         Distracted        |       |     1 ||     1
 Armour: Robe              |    75 |    39 ||   114
  Dodge: Dodged            |    84 |    32 ||   116

Table legend: (Time is in decaauts)
 A = Elapsed time spent in this place.
 B = Non-inter-level travel time spent in this place.
 C = Inter-level travel time spent in this place.
 D = Time resting spent in this place.
 E = Time spent auto-exploring this place.
 F = Levels seen in this place.
 G = Mean time per level.
                   A        B        C        D        E       F      G
               +--------+--------+--------+--------+--------+-----+--------+
         Total |   1871 |   1758 |    113 |    155 |   1002 |   4 |  467.8 |
       Dungeon |   1507 |   1394 |    113 |    124 |    814 |   3 |  502.3 |
         Sewer |    363 |    363 |      0 |     31 |    188 |   1 |  363.0 |
               +--------+--------+--------+--------+--------+-----+--------+

Top non-repeatable levels by time:
     D:2: 765 daAuts
     D:1: 512 daAuts
   Sewer: 363 daAuts
     D:3: 230 daAuts
